 Dungeon Crawl Stone Soup version 0.28-a0-706-gf6f64a616a (webtiles) character file.

Game seed: 13565860150856887809

555 KoroneIsBestGirl the Chiller (level 7, 0/47 HPs)
             Began as a Barachi Ice Elementalist on Oct 24, 2021.
             Slain by an ice beast (6 damage)
             ... on level 5 of the Dungeon.
             The game lasted 00:05:52 (4899 turns).

KoroneIsBestGirl the Chiller (BaIE)                 Turns: 4899, Time: 00:05:53

Health: 0/47       AC:  6    Str:  8 (9)  XL:     7   Next: 30%
Magic:  14/14      EV: 12    Int: 15 (17) God:
Gold:   148        SH:  0    Dex: 10 (13) Spells: 12/16 levels left

rFire   + . .      SeeInvis .   d - +0 short sword (freeze)
rCold   + . .      Faith    .   (no shield)
rNeg    . . .      Spirit   .   a - +0 robe
rPois   +          Reflect  .   m - +1 helmet
rElec   +          Harm     .   (no cloak)
rCorr   +          Rampage  .   (no gloves)
Will    .....                   g - +1 pair of boots
Stlth   ++........              (no amulet)
HPRegen 0.15/turn               (no ring)
MPRegen 0.14/turn               (no ring)

@: mighty, resistant, attractive, slow
A: amphibious, slowness 1, strong legs 1, +LOS
a: Hop


You were on level 5 of the Dungeon.
You visited 1 branch of the dungeon, and saw 5 of its levels.

You collected 148 gold pieces.

Inventory:

Hand Weapons
 d - a +0 short sword of freezing (weapon)
Armour
 a - a +0 robe (worn)
 g - a +1 pair of boots (worn)
 m - a +1 helmet (worn)
Wands
 h - a wand of iceblast (8)
 o - a wand of charming (6)
Scrolls
 b - a scroll of torment
 c - a scroll of vulnerability
 f - a scroll of enchant weapon
 i - a scroll of brand weapon
 n - a scroll of blinking {unknown}
 q - a scroll of teleportation {unknown}
 r - a scroll of noise {unknown}
Potions
 e - a potion of curing
 k - a potion of degeneration
 l - a potion of resistance


   Skills:
 - Level 0.6 Fighting
 - Level 1.0 Short Blades
 + Level 3.3 Dodging
 - Level 2.4 Stealth
 + Level 5.1 Spellcasting
 + Level 7.6 Ice Magic


You had 12 spell levels left.
You knew the following spells:

 Your Spells              Type           Power      Damage    Failure   Level
a - Freeze                Ice            100%       1d11      1%          1
b - Frozen Ramparts       Ice            52%        1d7       2%          3

Your spell library contained the following spells:

 Spells                   Type           Power      Damage    Failure   Level
 Ozocubu's Armour         Ice            26%        N/A       2%          3
 Hailstorm                Conj/Ice       15%        3d5       32%         4


Dungeon Overview and Level Annotations

Branches:
Dungeon (5/15)
 Temple: D:4-7

Altars:
Gozag
Makhleb
Qazlal
Sif Muna

Shops:
D:1 *

Annotations:
D:3 3 runed translucent doors, Rocko1345's ghost, amateur DjFE
D:4 3 runed translucent doors, McGhostyFace's ghost, amateur GnWn


Innate Abilities, Weirdness & Mutations

You are amphibious.
You cover ground slowly.
You can hop short distances.
You have an extended range of vision and can be seen from far away.


Message History

You barely miss the ice beast.
The ice beast is moderately wounded.
The ice beast hits you but does no damage.
You hit the ice beast but do no damage.
The ice beast is moderately wounded.
The ice beast hits you but does no damage.
You barely miss the ice beast.
The ice beast is moderately wounded.
The ice beast hits you. The ice beast freezes you. You resist.
You hit the ice beast.
The ice beast is moderately wounded.
The ice beast hits you. The ice beast freezes you. You resist.
You hit the ice beast but do no damage.
The ice beast is moderately wounded.
The ice beast hits you. The ice beast freezes you. You resist.
You closely miss the ice beast.
The ice beast is moderately wounded.
The ice beast hits you but does no damage.
You hit the ice beast.
The ice beast is moderately wounded.
The ice beast hits you. The ice beast freezes you. You resist.
* * * LOW HITPOINT WARNING * * *
It was a potion of might.
You feel very mighty all of a sudden. The ice beast completely misses you.
You closely miss the ice beast.
The ice beast is moderately wounded.
The ice beast hits you but does no damage. x2
You puncture the ice beast!
The ice beast is heavily wounded.
The ice beast hits you.
* * * LOW HITPOINT WARNING * * *
The ice beast freezes you. You resist.
* * * LOW HITPOINT WARNING * * *
You barely miss the ice beast.
The ice beast is heavily wounded.
The ice beast hits you.
* * * LOW HITPOINT WARNING * * *
The ice beast freezes you. You resist.
You die...

.##########...#########
..........'...'......>#
.#######.##...#######.#
#.##...# #.# #.##...#
#.### #.##...# #....
#.##...# #.##. #.######
####. #@# #.... #Y#
#.### #.# #.##. #.#
#.... #.# ##### ..# #
..# # ..# # ..#


You could see an ice beast.

Vanquished Creatures
  A necrophage (D:4)
  A centaur (D:3)
  A gnoll sergeant (D:5)
  2 hounds
  2 iguanas (D:4)
  2 orc wizards (D:3)
  A hound skeleton (D:4)
  6 gnolls
  2 adders (D:2)
  An adder skeleton (D:4)
  3 worms
  A dart slug (D:4)
  8 orcs
  3 bats
  6 endoplasms
  5 hobgoblins
  A jackal (D:2)
  7 kobolds
  A quokka (D:3)
  7 ball pythons
  A frilled lizard (D:1)
  6 goblins
  7 rats
75 creatures vanquished.

Notes
Turn   | Place    | Note
-------+----------+-------------------------------------------
     0 | D:1      | KoroneIsBestGirl the Barachi Ice Elementalist began the
                  | quest for the Orb.
     0 | D:1      | Reached XP level 1. HP: 13/13 MP: 3/3
    72 | D:1      | Found Xiusheawn's Assorted Antiques.
    95 | D:1      | Reached skill level 5 in Ice Magic
   320 | D:1      | Reached XP level 2. HP: 15/19 MP: 3/5
  1190 | D:2      | Reached XP level 3. HP: 16/24 MP: 3/6
  1986 | D:2      | Reached XP level 4. HP: 30/30 MP: 8/8
  2427 | D:2      | Learned a level 3 spell: Frozen Ramparts
  2668 | D:3      | Reached skill level 6 in Ice Magic
  2678 | D:3      | Reached XP level 5. HP: 5/35 MP: 1/10
  3053 | D:3      | Noticed a centaur
  3060 | D:3      | Killed a centaur
  3061 | D:3      | Reached XP level 6. HP: 24/42 MP: 1/11
  3599 | D:3      | Found a runed translucent gate.
  3599 | D:3      | Found a runed translucent gate.
  3599 | D:3      | Found an opulent altar of Gozag.
  3599 | D:3      | Found a runed translucent gate.
  3603 | D:3      | Noticed Rocko1345's ghost (amateur DjFE)
  3634 | D:4      | Noticed a necrophage
  3650 | D:4      | Killed a necrophage
  3651 | D:4      | Reached skill level 7 in Ice Magic
  3829 | D:4      | Reached XP level 7. HP: 22/47 MP: 3/14
  4173 | D:4      | Found a stormy altar of Qazlal.
  4180 | D:4      | Found an opulent altar of Gozag.
  4319 | D:4      | Found a runed translucent gate.
  4320 | D:4      | Noticed McGhostyFace's ghost (amateur GnWn)
  4321 | D:4      | Found a runed translucent gate.
  4322 | D:4      | Found a runed translucent gate.
  4346 | D:4      | Found a burning altar of Makhleb.
  4472 | D:4      | Found a shimmering blue altar of Sif Muna.
  4581 | D:5      | Entered Level 5 of the Dungeon
  4641 | D:5      | Reached skill level 5 in Spellcasting
  4645 | D:5      | Reached skill level 1 in Short Blades
  4899 | D:5      | Slain by an ice beast

Illustrated notes

Levels and vault maps discovered:
D:1:      lightli_arrival_flooded_house, layout_loops_ring, serial_shops,
          nicolae_square_shop, minmay_heptomino_h4
D:2:      wad_river_or_something, layout_basic, mrwooster_statue_mirror,
          grunt_ministairs_14, minmay_misc_feat_rows
D:3:      layout_loops_ring, tso_metal_star,
          shapermc_ecumenical_altar_hornbeckon, ebering_ghost_gozag
D:4:      layout_cave_pools, led_sif_pool, kennysheep_mini_moat,
          nicolae_overflow_hidden_temple, gammafunk_ghost_nasty_kobolds
D:5:      layout_basic

Skill      XL: |  1  2  3  4  5  6  7 |
---------------+----------------------+-----
Ice Magic      | 5 6 7 |  7.6
Spellcasting   | 3 4 5 |  5.1
Stealth        | 2 |  2.4
Dodging        | 3 |  3.3
Short Blades   | 1 |  1.0
Fighting       | |  0.6

Action                   |  1- 3 |  4- 6 |  7- 9 || total
-------------------------+-------+-------+-------++-------
Melee: Unarmed           |     3 |       |       ||     3
       Short sword       |    12 |    17 |    44 ||    73
 Cast: Freeze            |    44 |    67 |     4 ||   115
       Frozen Ramparts   |       |     3 |     1 ||     4
 Abil: Hop               |       |     1 |       ||     1
  Use: Scroll            |       |     5 |       ||     5
       Potion            |       |       |     5 ||     5
 Stab: Sleeping          |     1 |       |       ||     1
       Distracted        |       |     1 |       ||     1
Armor: Robe              |    10 |    12 |    20 ||    42
Dodge: Dodged            |    31 |    50 |    23 ||   104

Table legend: (Time is in decaauts)
 A = Elapsed time spent in this place.
 B = Non-inter-level travel time spent in this place.
 C = Inter-level travel time spent in this place.
 D = Time resting spent in this place.
 E = Time spent auto-exploring this place.
 F = Levels seen in this place.
 G = Mean time per level.
                   A        B        C        D        E       F      G
               +--------+--------+--------+--------+--------+-----+--------+
         Total |   5399 |   5141 |    258 |    547 |   3923 |   5 | 1079.8 |
       Dungeon |   5399 |   5141 |    258 |    547 |   3923 |   5 | 1079.8 |
               +--------+--------+--------+--------+--------+-----+--------+

Top non-repeatable levels by time:
     D:2: 1926 daAuts
     D:1: 1128 daAuts
     D:4: 1061 daAuts
     D:3: 930 daAuts
     D:5: 352 daAuts
